 Dungeon Crawl Stone Soup version 0.29-a0-824-gd827844252 (webtiles) character file.

Game seed: 11624629827478073649

7 coolguy69 the Cutter (level 2, 0/16 HPs)
             Began as a Vine Stalker Monk on July 10, 2022.
             Succumbed to a kobold's poison
             ... on level 1 of the Dungeon.
             The game lasted 00:00:18 (229 turns).

coolguy69 the Cutter (Vine Stalker Monk)             Turns: 229, Time: 00:00:18

Health: 0/16       AC:  2    Str: 13    XL:     2   Next: 4%
Magic:  3/3        EV: 12    Int: 10    God:
Gold:   7          SH:  0    Dex: 16    Spells: 1/1 levels left

rFire   . . .      SeeInvis .   a - +0 short sword
rCold   . . .      Faith    .   (no shield)
rNeg    . . .      Spirit   +   b - +0 robe
rPois   .          Reflect  .   (no helmet)
rElec   .          Harm     .   (no cloak)
rCorr   .          Rampage  .   (no gloves)
Will    .....                   (no boots)
Stlth   +.........              (no amulet)
HPRegen 0.05/turn               (no ring)
MPRegen 0.08/turn               (no ring)

@: confused, lethally poisoned (0 -> -5), ambrosia-drunk
A: fangs 2, magic shield, antimagic bite, no potion heal 2
a: no special abilities


You were on level 1 of the Dungeon.
You visited 1 branch of the dungeon, and saw 1 of its levels.

You collected 7 gold pieces.

Inventory:

Hand Weapons
 a - a +0 short sword (weapon)
Armour
 b - a +0 robe (worn)


   Skills:
 + Level 2.8 Fighting
 + Level 2.8 Short Blades
 + Level 2.5 Dodging
 + Level 2.6 Stealth


You had one spell level left.
You didn't know any spells.
Your spell library was empty.

Dungeon Overview and Level Annotations

Branches:
Dungeon (1/15)

Altars:


Innate Abilities, Weirdness & Mutations

You have extremely sharp teeth.
When hurt, damage is shared between your health and your magic reserves.
Your bite disrupts and absorbs the magic of your enemies.
Potions cannot restore your health.


Message History

No target in view!
A kobold comes into view. It is wielding a +0 dagger.
A kobold is nearby!
A kobold is nearby!
A kobold is nearby!
The kobold shouts!
You hear a shout!
A kobold is nearby!
A rat comes into view.
The kobold throws a stone.
The stone closely misses you.
A kobold comes into view.
It is wielding a +0 short sword of venom.
Found a scroll labelled BIPROKL HULE.
The kobold barely misses you.
You barely miss the kobold. You bite the kobold. You drain its power.
The kobold is severely wounded.
The kobold closely misses you.
You closely miss the kobold.
The kobold is severely wounded.
The rat bites you. The kobold hits you with a +0 dagger.
You hit the kobold.
You kill the kobold!
The rat misses you.
You have reached level 2!
The rat attacks as you move away! The rat misses you.
You hit the rat but do no damage. You bite the rat, but do no damage.
The rat misses you. The kobold attacks as you move away!
The kobold hits you with a +0 short sword of venom.
You are lethally poisoned!
You feel very sick. The rat attacks as you move away!
The rat closely misses you.
* * * LOW HITPOINT WARNING * * *
You feel sick.
You see here a scroll labelled XUXKON RYAGURPH.
* * * LOW HITPOINT WARNING * * *
You feel sick.
You are confused.
Your system rejects the healing.
You feel invigorated.
* * * LOW HITPOINT WARNING * * *
You feel sick. The rat misses you.
You bump into the rock wall.
You die...

...(.....# .........+
.$.......# ........#
#####.)†.## ..........#
#.###....K# #####r#
#.#######@# ..#.....#.#
#######+# #.#.###.#.#
#...>...#
#.#.#<#.#.###.########.
#.#.#.#.#.##...........
#.#.#...#.##.......##
#.#.#####.##.......##
#.......#.##........#
#.#######.###'#+#.#.#


You could see a kobold and a rat.

Vanquished Creatures
  A ball python (D:1)
  An endoplasm (D:1)
  A goblin (D:1)
  A hobgoblin (D:1)
  A kobold (D:1)
  A frilled lizard (D:1)
6 creatures vanquished.

Notes
Turn   | Place    | Note
-------+----------+-------------------------------------------
     0 | D:1      | coolguy69 the Vine Stalker Monk began the quest for the
                  | Orb.
     0 | D:1      | Reached XP level 1. HP: 11/11 MP: 2/2
   219 | D:1      | Reached XP level 2. HP: 10/16 MP: 3/3
   229 | D:1      | Succumbed to a kobold's poison

Illustrated notes

Levels and vault maps discovered:
D:1:      matt_arrival_spirals, layout_basic

Action                   || total
-------------------------++-------
Melee: Short sword       ||    17
       Bite              ||     5
  Use: Potion            ||     1
 Stab: Sleeping          ||     1
Armor: Robe              ||     1
Dodge: Dodged            ||    13

Table legend: (Time is in decaauts)
 A = Elapsed time spent in this place.
 B = Non-inter-level travel time spent in this place.
 C = Inter-level travel time spent in this place.
 D = Time resting spent in this place.
 E = Time spent auto-exploring this place.
 F = Levels seen in this place.
 G = Mean time per level.
                   A        B        C        D        E       F      G
               +--------+--------+--------+--------+--------+-----+--------+
         Total |    228 |    228 |      0 |      0 |    179 |   1 |  228.0 |
       Dungeon |    228 |    228 |      0 |      0 |    179 |   1 |  228.0 |
               +--------+--------+--------+--------+--------+-----+--------+

Top non-repeatable levels by time:
     D:1: 228 daAuts
